Map: Pillars of Gold LE

Players

AGOElazer (Elazer)

  • Race: Zerg Zerg
  • League: Master
  • Spawn Location: 7:00

HeroMarine - Winner!

  • Race: Terran Terran
  • League: Master
  • Spawn Location: 1:00

Event: DreamHack SC2 Masters 2020 Fall

VOD

Have the link to the VOD?

Description

Time

  • Played on: Sept. 4, 2020, 12:57 p.m.
  • Length: 14:48

All games in this series

Show
View Real Time Build Order
Export as new Build Order

AGOElazer Zerg 

Build Orders: Hatch First, Muta Ling Bane 

Get SALT Encoding   

  12  0:00  Drone  
  13  0:12  Overlord  
  13  0:17  Drone  
  14  0:30  Drone x2  
  16  0:50  Hatchery  
  16  0:52  Drone  
  16  0:56  Drone  
  17  1:00  Drone  
  18  1:10  Extractor  
  17  1:15  Spawning Pool  
  16  1:18  Drone  
  16  1:22  Drone  
  18  1:28  Drone  
  19  1:39  Drone  
  20  1:49  Drone  
  21  2:01  Queen  
  21  2:02  Queen, Zergling x2  
  21  2:03  Overlord  
  26  2:13  Drone, Zergling x2  
  26  2:14  Metabolic Boost  
  28  2:23  Drone x2  
  30  2:34  Drone x2  
  32  2:37  Queen  
  32  2:43  Queen  
  36  2:49  Overlord  
  36  2:56  Overlord  
  36  3:08  Drone x4  
  36  3:09  Drone x2  
  36  3:11  Drone  
  43  3:13  Drone  
  43  3:16  Drone  
  45  3:22  Drone x3  
  48  3:37  Hatchery  
  48  3:38  Drone x2  
  49  3:42  Lair  
  49  3:45  Extractor  
  48  3:49  Drone x3  
  48  3:51  Drone  
  48  3:53  Extractor  
  48  3:54  Extractor  
  48  3:55  Overlord  
  50  3:57  Drone  
  50  3:59  Drone  
  52  4:04  Baneling Nest  
  52  4:05  Drone  
  52  4:14  Drone x5  
  57  4:20  Queen  
  57  4:21  Overlord  
  60  4:24  Zergling x2  
  60  4:29  Overlord  
  60  4:39  Drone x5  
  60  4:42  Overseer, Spire  
  64  4:49  Drone x2  
  64  4:51  Zergling x4  
  68  4:54  Drone x3  
  71  5:01  Centrifical Hooks  
  71  5:04  Drone x3  
  74  5:07  Overlord  
  74  5:10  Overseer  
  74  5:12  Baneling  
  74  5:13  Baneling x5  
  74  5:17  Overlord  
  74  5:26  Zergling x16  
  81  5:32  Drone, Spore Crawler  
  81  5:36  Extractor  
  81  5:37  Drone x3, Extractor  
  81  5:38  Drone  
  82  5:46  Overlord  
  82  5:49  Overseer  
  82  5:53  Mutalisk x4  
  88  6:01  Mutalisk  
  88  6:02  Mutalisk  
  85  6:05  Drone x5  
  89  6:11  Drone, Zerg Flyer Weapons Level 1  
  89  6:15  Drone x6  
  89  6:17  Drone  
  98  6:18  Drone  
  98  6:25  Evolution Chamber  
  97  6:27  Evolution Chamber, Zergling x4  
  97  6:30  Overlord  
  98  6:40  Baneling x7  
  98  6:46  Overlord  
  98  6:47  Hatchery  
  98  6:51  Zerg Ground Armor Level 1  
  98  6:52  Drone x6  
  98  6:53  Drone x3  
  106  6:56  Zerg Melee Weapons Level 1  
  106  7:02  Overlord  
  106  7:04  Mutalisk x4  
  114  7:15  Overlord  
  114  7:20  Pneumatized Carapace, Overseer  
  114  7:21  Overseer  
  113  7:24  Overlord x2  
  113  7:34  Mutalisk x4  
  121  7:42  Overlord  
  121  7:43  Zergling x22  
  132  7:44  Baneling  
  132  7:45  Baneling x3  
  132  7:56  Zergling x10  
  137  8:09  Overlord, Mutalisk x4  
  141  8:13  Zergling x12  
  141  8:16  Burrow  
  147  8:20  Drone x3, Extractor  
  147  8:21  Drone x3  
  147  8:24  Zerg Flyer Weapons Level 2  
  152  8:27  Hatchery  
  151  8:37  Zergling x18  
  160  8:43  Baneling x10  
  160  8:48  Overlord x2  
  158  8:56  Baneling x9  
  158  9:06  Zergling x30  
  153  9:15  Mutalisk  
  138  9:19  Mutalisk x4  
  138  9:21  Zergling x8  
  150  9:28  Zergling x8  
  154  9:31  Baneling x2  
  154  9:32  Baneling x8  
  154  9:35  Overseer  
  154  9:37  Zergling x10  
  159  9:40  Extractor  
  159  9:44  Zergling x6  
  159  9:53  Zerg Ground Armor Level 2  
  159  9:54  Zerg Melee Weapons Level 2  
  159  9:55  Zergling x18  
  168  10:05  Baneling x2  
  168  10:06  Baneling  
  168  10:08  Zergling x10  
  167  10:24  Mutalisk x5  
  167  10:26  Drone x2  
  166  10:30  Overlord  
  166  10:32  Overlord x3  
  166  10:35  Infestation Pit  
  161  10:43  Zergling x10  
  161  10:44  Baneling x5  
  161  10:45  Baneling x8  
  165  10:50  Zergling x28  
  179  11:00  Mutalisk x3  
  179  11:01  Baneling  
  179  11:02  Baneling x2  
  179  11:03  Zergling x14  
  184  11:23  Baneling x14  
  184  11:25  Overlord  
  184  11:26  Overlord  
  177  11:39  Baneling  
  137  11:40  Zergling x30, Baneling  
  137  11:42  Zergling x20  
  137  11:44  Zergling x2  
  137  11:45  Zergling x2  
  157  11:51  Zergling x6  
  157  11:52  Zergling x2  
  158  11:57  Overseer  
  158  11:59  Hive  
  158  12:00  Drone x8  
  166  12:04  Baneling  
  166  12:05  Baneling x8  
  166  12:06  Zergling x2  
  166  12:07  Zergling x2  
  168  12:14  Zergling x2  
  168  12:15  Zergling x12, Hatchery  
  167  12:20  Baneling x8  
  163  12:24  Zergling x12  
  169  12:33  Zergling x18  
  178  12:39  Baneling x9  
  178  12:40  Baneling  
  177  12:46  Zergling x14  
  177  12:47  Zergling x6  
  179  12:53  Zergling x6  
  180  13:00  Mutalisk x3  
  180  13:03  Extractor  
  180  13:04  Baneling x4  
  180  13:05  Extractor, Baneling x3  
  184  13:08  Drone  
  184  13:09  Drone x2, Mutalisk  
  184  13:10  Mutalisk x3  
  184  13:12  Baneling x4  
  186  13:22  Zergling x8, Baneling x11  
  186  13:24  Baneling x2  
  177  13:44  Zergling x26  
  177  13:45  Zergling x12  
  190  13:48  Baneling  
  190  13:49  Baneling x11  
  182  14:00  Zergling x24  
  182  14:01  Zergling x2  
  178  14:14  Drone x10  
  165  14:22  Zergling x8  
Show
View Real Time Build Order
Export as new Build Order

HeroMarine Terran - Winner!

Build Orders: Reaper Expand, Hellion Banshee 

Get SALT Encoding   

  12  0:00  SCV  
  13  0:12  SCV  
  14  0:18  Supply Depot  
  14  0:24  SCV  
  15  0:40  SCV  
  15  0:42  Barracks  
  16  0:44  Refinery  
  16  0:52  SCV  
  17  1:04  SCV  
  18  1:16  SCV  
  19  1:29  Orbital Command, Reaper  
  20  1:43  Command Center  
  20  1:52  Supply Depot  
  20  1:54  SCV  
  20  2:00  Marine  
  22  2:06  SCV  
  23  2:11  Factory  
  23  2:19  SCV  
  23  2:21  Barracks Reactor  
  24  2:31  SCV  
  25  2:43  SCV  
  26  2:49  Command Center  
  26  2:55  SCV  
  26  2:57  Orbital Command  
  27  3:07  Starport, SCV  
  30  3:16  Hellion, Refinery  
  30  3:21  Hellion  
  30  3:22  SCV  
  30  3:24  SCV  
  30  3:27  Barracks Tech Lab  
  34  3:34  SCV  
  34  3:36  SCV  
  34  3:41  Hellion  
  38  3:42  Hellion  
  38  3:47  SCV  
  41  3:48  SCV  
  41  3:52  Banshee  
  41  3:53  Barracks Tech Lab  
  45  4:00  SCV  
  45  4:01  SCV  
  45  4:02  Hellion  
  49  4:03  Hellion  
  49  4:06  Orbital Command  
  51  4:12  SCV  
  51  4:13  Stimpack, SCV  
  51  4:15  Marine  
  54  4:24  SCV  
  54  4:25  SCV  
  56  4:34  Viking  
  56  4:36  Supply Depot  
  56  4:37  Supply Depot  
  58  4:38  SCV x2  
  58  4:39  SCV  
  61  4:45  Barracks  
  61  4:48  Barracks  
  61  4:50  Factory Reactor  
  61  4:55  Engineering Bay  
  61  4:57  Engineering Bay, Marine  
  61  4:58  SCV x3  
  65  5:10  SCV x3  
  65  5:13  Refinery  
  68  5:15  Marine  
  69  5:22  SCV x3  
  69  5:25  Starport Reactor  
  72  5:32  Barracks  
  72  5:33  Barracks, Marine  
  72  5:34  SCV x3  
  74  5:36  Marine x2  
  74  5:37  Factory Reactor, Terran Infantry Armor Level 1, Terran Infantry Weapons Level 1  
  74  5:39  Orbital Command  
  75  5:46  SCV x2  
  77  5:53  Supply Depot  
  77  6:01  Marine x3  
  77  6:02  SCV x2, Marine  
  75  6:06  Supply Depot, Marine  
  75  6:10  Medivac x2  
  70  6:11  Combat Shield  
  70  6:13  SCV  
  70  6:14  SCV x2  
  70  6:17  Missile Turret  
  73  6:19  Marine x3  
  73  6:20  Missile Turret  
  73  6:24  Barracks Reactor x2  
  77  6:25  SCV  
  77  6:26  Missile Turret, SCV x2  
  77  6:28  Widow Mine, Marine  
  77  6:29  Marine  
  83  6:33  Widow Mine  
  83  6:36  Bunker  
  83  6:37  SCV  
  83  6:38  Refinery  
  85  6:40  SCV x2, Supply Depot  
  85  6:44  Marine  
  85  6:45  Marine x2  
  85  6:46  Marine  
  89  6:49  Bunker, SCV, Marine  
  89  6:52  SCV x2  
  89  6:53  Widow Mine  
  95  6:54  Widow Mine  
  95  6:56  Missile Turret  
  96  7:01  Supply Depot  
  96  7:02  SCV, Supply Depot  
  96  7:03  Marine  
  96  7:04  SCV, Marine  
  96  7:06  Marine x2  
  96  7:07  Marine x2  
  96  7:08  Marine x2  
  105  7:10  SCV  
  105  7:14  SCV  
  105  7:15  Marine  
  108  7:16  SCV  
  108  7:22  Medivac x2, Marine x2  
  109  7:26  Armory  
  109  7:27  Supply Depot x2, Marine  
  116  7:30  Marine x2  
  116  7:33  Marine x2  
  116  7:36  Marine x2  
  122  7:40  Supply Depot, Marine x2  
  124  7:45  Marine  
  124  7:49  Factory, Widow Mine x2  
  128  7:52  SCV x2  
  128  7:54  SCV  
  128  7:56  Marine  
  131  7:59  Marine x2  
  131  8:00  Marine x2  
  131  8:01  Marine x2  
  131  8:02  Marine  
  131  8:03  Marine  
  131  8:04  Medivac  
  141  8:10  Medivac  
  141  8:14  Terran Infantry Weapons Level 2, Terran Infantry Armor Level 2, Marine  
  141  8:16  Marine  
  141  8:17  Marine  
  141  8:18  Marine x2  
  141  8:19  Marine x2  
  148  8:20  Marine  
  148  8:25  Command Center  
  149  8:28  Supply Depot, Marine  
  149  8:31  Marine  
  149  8:33  SCV x3  
  152  8:34  Marine x2  
  152  8:36  Marine  
  152  8:39  Widow Mine  
  155  8:41  Widow Mine  
  155  8:42  Missile Turret  
  157  8:49  Marine x3  
  157  8:53  Marine  
  157  8:54  Marine x4  
  165  8:57  Drilling Claws  
  165  9:02  Refinery, Supply Depot  
  165  9:03  Marine, Thor  
  165  9:07  Marine x2  
  161  9:11  Marine x2  
  161  9:15  Marine x3  
  154  9:17  Marine  
  154  9:19  Medivac, Widow Mine x2  
  154  9:20  Medivac  
  154  9:21  Marine  
  164  9:25  Marine x2  
  164  9:29  Marine x2  
  164  9:30  Barracks  
  167  9:33  Marine x3  
  167  9:34  Barracks  
  167  9:35  Marine  
  171  9:39  Marine  
  171  9:42  Marine  
  171  9:43  Marine  
  174  9:46  Widow Mine x2  
  174  9:47  Marine x2  
  174  9:49  Thor  
  174  9:51  Marine x2  
  188  9:53  SCV x3  
  188  9:56  Marine x2  
  188  9:57  Marine  
  194  10:02  Missile Turret  
  194  10:05  SCV x2  
  196  10:09  SCV  
  196  10:15  Marine  
  196  10:16  Marine  
  196  10:25  Missile Turret, Marine  
  196  10:29  Missile Turret, Planetary Fortress  
  196  10:33  Missile Turret  
  196  10:35  SCV, Marine  
  196  10:36  Marine x3  
  196  10:40  Barracks Tech Lab x2  
  196  10:43  Marine x2  
  196  10:44  Marine x2  
  196  10:45  Terran Infantry Weapons Level 3  
  193  10:51  Widow Mine x2  
  193  10:54  Refinery, Marauder  
  199  11:01  Concussive Shells  
  199  11:04  Terran Vehicle And Ship Armor Level 1  
  199  11:06  Barracks  
  199  11:13  Marauder  
  199  11:16  Marauder  
  193  11:18  Marauder  
  193  11:19  Marine x4  
  193  11:20  Command Center  
  197  11:26  Terran Infantry Armor Level 3  
  197  11:27  Marine  
  197  11:28  Marine  
  197  11:31  Marine x2  
  195  11:34  Marine  
  162  11:43  Widow Mine x2, Marauder x2  
  162  11:44  Medivac x2  
  162  11:45  Marine x4  
  158  11:50  Marine x2  
  158  11:51  Marine x2  
  158  11:53  Marauder  
  160  11:56  Barracks Tech Lab  
  160  11:58  Refinery  
  160  12:03  Marine x4  
  160  12:04  Marauder x2  
  160  12:06  Thor  
  160  12:08  Marine x2  
  175  12:10  Marine x2  
  175  12:14  Marauder  
  175  12:15  Marine  
  178  12:20  Marine  
  178  12:21  Marine x3  
  184  12:22  Widow Mine  
  184  12:23  Widow Mine  
  184  12:25  Marauder x2  
  184  12:26  Marine x2  
  184  12:28  Marine x2  
  192  12:33  Marauder  
  192  12:35  Marauder  
  194  12:38  Marine  
  194  12:39  Marine x2  
  194  12:42  Marine  
  200  12:44  Widow Mine  
  200  12:49  Widow Mine  
  194  12:52  Marauder, Marine x3  
  194  12:53  Marine  
  194  12:55  Medivac x2, Missile Turret, Marauder  
  194  12:57  Missile Turret, Marauder  
  198  13:01  Marauder  
  200  13:17  Marauder  
  200  13:19  Marine x2  
  193  13:22  Marauder, Marine  
  193  13:23  Marine  
  193  13:24  Marauder, Marine  
  193  13:26  Command Center  
  200  13:34  Sensor Tower  
  190  13:43  Marauder x2, Marine x2  
  190  13:44  Marine  
  190  13:46  Marine x2  
  198  13:51  Marauder  
  198  13:53  Marauder  
  192  13:58  Marine  
  192  14:01  Marine  
  172  14:04  Marine  
  172  14:05  Marauder x2, Marine x3  
  172  14:06  SCV x2  
  172  14:07  SCV  
  177  14:12  Marauder  
  177  14:14  Medivac, Widow Mine x2  
  177  14:16  Marauder  
  171  14:18  SCV  
  171  14:21  SCV x2  
  160  14:26  Marine x2  
  160  14:27  Marine  
  160  14:30  SCV  

Tags
 
Add a new tag
Caveats
  • Supply blocks, unpowered buildings, or Contaminate may cause inaccurate times.
  • Supply counts are checked every 10 seconds.